 Dungeon Crawl Stone Soup version 0.30.0-29-ga12c61a403 (webtiles) character file.

Game seed: 4322293686274970750

305472 McKennaii the Warrior (level 20, -13/176 HPs)
             Began as a Demonspawn Fighter on June 3, 2023.
             Was the Champion of Qazlal.
             Mangled by a titanic slime creature (72 damage)
             ... on level 3 of the Pits of Slime.
             The game lasted 01:21:39 (48988 turns).

McKennaii the Warrior (Demonspawn Fighter)         Turns: 48988, Time: 01:21:39

Health: -13/176    AC: 50    Str: 26    XL:     20   Next: 28%
Magic:  0/29       EV:  7    Int: 16    God:    Qazlal [******]
Gold:   838        SH: 36    Dex: 17    Spells: 19/19 levels left

rFire   + . .        F - +7 trident "Bung" {drain, rC++ Dex+2}
rCold   + . .        r - +5 tower shield of Asceticism {Str+3 Int+6}
rNeg    . . .        b - +9 plate armour of Uskayaw's Benevolence {Rampage rPois rF-}
rPois   +            (helmet unavailable)
rElec   .            E - +2 cloak {Will+}
rCorr   +            D - +3 pair of gauntlets of War {Slay+5}
SInv    +            e - +0 pair of boots of Gozag's Fury {Will++ Slay+4}
Will    ++++.        k - amulet of guardian spirit Stlth
                     P - ring of resist corrosion
HPRegen 0.49/turn    V - ring "Feteut" {Fire rPois}
MPRegen 0.21/turn

%: repel missiles, guardian spirit, rampage
@: protected from physical damage
A: antennae 3, demonic guardian 3, icemail 2, sharp scales 2, condensation
shield, corrupting presence 1, deterioration 1, fire resistance 1, low MP 1
}: 2/15 runes: decaying, gossamer
a: Renounce Religion, Upheaval, Elemental Force, Disaster Area


You were on level 3 of the Pits of Slime.
You worshipped Qazlal.
Qazlal was exalted by your worship.
You visited 7 branches of the dungeon, and saw 37 of its levels.
You also visited: Trove, Gauntlet and Desolation.

You collected 3878 gold pieces.
You spent 3040 gold pieces at shops.

Inventory:

Hand Weapons
 F - the +7 trident "Bung" (weapon) {drain, rC++ Dex+2}
   (You bought it in a shop on level 4 of the Dungeon)

   Dex:       It affects your dexterity (+2).
   rC:        It greatly protects you from cold.
Armour
 b - the +9 plate armour of Uskayaw's Benevolence (worn) {Rampage rPois rF-}
   (You found it in a treasure trove)

   rF:        It makes you vulnerable to fire.
   rPois:     It protects you from poison.
   Rampage:   It bestows one free step when moving towards enemies.
 e - the +0 pair of boots of Gozag's Fury (worn) {Will++ Slay+4}
   (You found it in a treasure trove)

   Slay:      It affects your accuracy & damage with ranged weapons and melee
   (+4).
   Will:      It greatly increases your willpower.
 r - the +5 tower shield of Asceticism (worn) {Str+3 Int+6}
   (You found it in a treasure trove)

   Str:       It affects your strength (+3).
   Int:       It affects your intelligence (+6).
 D - the +3 pair of gauntlets of War (worn) {Slay+5}
   (You found it in a treasure trove)

   Slay:      It affects your accuracy & damage with ranged weapons and melee
   (+5).
 E - a +2 cloak of willpower (worn)
 N - a +1 pair of boots of flying
Jewellery
 a - a ring of ice
 c - a ring of willpower
 f - the ring "Nilim" {Fire *Corrode rPois MP+9 Str+2}
   (You found it in a Gauntlet)

   [ring of fire]

   It enhances your fire magic.
   Str:       It affects your strength (+2).
   rF:        It protects you from fire.
   rC:        It makes you vulnerable to cold.
   rPois:     It protects you from poison.
   MP:        It affects your magic capacity (+9).
   *Corrode:  It may corrode you when you take damage.
 i - the amulet "Obalese" {Reflect Drain rC- rN+ Dex+5 SH+5}
   (You took it off a deep elf sorcerer on level 3 of the Elven Halls)

   [amulet of reflection]

   It reflects blocked missile attacks.
   Dex:       It affects your dexterity (+5).
   rC:        It makes you vulnerable to cold.
   rN:        It protects you from negative energy.
   Drain:     It drains your maximum health when unequipped.
   SH:        It affects your SH (+5).
 k - an amulet of guardian spirit (around neck)
 v - the ring "Jeberogg" {MP+9 Int+3}
   (You took it off a deep elf elementalist on level 3 of the Elven Halls)

   [ring of magical power]

   Int:       It affects your intelligence (+3).
   MP:        It affects your magic capacity (+9).
 y - a ring of protection from fire
 P - a ring of resist corrosion (left hand)
 V - the ring "Feteut" (right hand) {Fire rPois}
   (You found it on level 5 of the Lair of Beasts)

   [ring of fire]

   It enhances your fire magic.
   rF:        It protects you from fire.
   rC:        It makes you vulnerable to cold.
   rPois:     It protects you from poison.
Wands
 J - a wand of polymorph (20)
 S - a wand of digging (8)
 W - a wand of flame (118)
 X - a wand of iceblast (10)
 Y - a wand of light (15)
 Z - a wand of paralysis (11)
Scrolls
 g - 3 scrolls of blinking
 h - 21 scrolls of identify
 o - 7 scrolls of brand weapon
 p - 3 scrolls of amnesia
 q - 7 scrolls of silence
 t - 3 scrolls of magic mapping
 w - 4 scrolls of enchant armour
 x - 4 scrolls of immolation
 B - 8 scrolls of enchant weapon
 C - 4 scrolls of vulnerability
 H - 6 scrolls of poison
 I - 6 scrolls of fog
 K - 11 scrolls of teleportation
 Q - a scroll of acquirement
 R - 2 scrolls of torment
 U - 3 scrolls of fear
Potions
 d - a potion of might
 j - 3 potions of cancellation
 l - 12 potions of curing
 m - 3 potions of invisibility
 n - 6 potions of flight
 s - 3 potions of heal wounds
 u - 4 potions of berserk rage
 z - 11 potions of magic
 A - 4 potions of attraction
 G - 6 potions of haste
 L - 11 potions of ambrosia
 M - 6 potions of resistance
 O - 14 potions of mutation
 T - 2 potions of brilliance


   Skills:
 + Level 19.6 Fighting
 - Level 16.7 Polearms
 + Level 18.2 Armour
 + Level 13.6 Shields
 + Level 16.8 Invocations


You had 19 spell levels left.
You didn't know any spells.
Your spell library contained the following spells:

 Spells                   Type           Power      Damage    Failure   Level
 Apportation              Tloc           0%         N/A       98%         1
 Freeze                   Ice            0%         1d3       98%         1
 Kiss of Death            Conj/Necr      0%         2d5       98%         1
 Magic Dart               Conj           0%         1d3       98%         1
 Sandblast                Erth           0%         2d4       98%         1
 Slow                     Hex            0%         N/A       98%         1
 Sting                    Tmut/Pois      0%         1d3       98%         1
 Blink                    Tloc           0%         N/A       99%         2
 Cigotuvi's Dreadful Rot  Necr/Pois/Air  0%         N/A       99%         2
 Ensorcelled Hibernation  Hex/Ice        0%         N/A       99%         2
 Lesser Beckoning         Tloc           0%         N/A       99%         2
 Momentum Strike          Conj/Tloc      0%         3d8       99%         2
 Passwall                 Tmut/Erth      0%         N/A       99%         2
 Poisonous Vapours        Pois/Air       0%         N/A       99%         2
 Searing Ray              Conj           0%         2d4       99%         2
 Static Discharge         Conj/Air       0%         2-2/arc   99%         2
 Wereblood                Tmut           0%         N/A       99%         2
 Confusing Touch          Hex            0%         N/A       100%        3
 Dazzling Flash           Conj/Hex       0%         N/A       100%        3
 Frozen Ramparts          Ice            0%         1d1       100%        3
 Gell's Gravitas          Tloc           0%         N/A       100%        3
 Hailstorm                Conj/Ice       0%         3d3       100%        3
 Ignite Poison            Fire/Tmut/Pois 0%         N/A       100%        3
 Inner Flame              Hex/Fire       0%         N/A       100%        3
 Mephitic Cloud           Conj/Pois/Air  0%         N/A       100%        3
 Ozocubu's Armour         Ice            0%         N/A       100%        3
 Spider Form              Tmut/Pois      0%         N/A       100%        3
 Stone Arrow              Conj/Erth      0%         3d7       100%        3
 Vampiric Draining        Necr           0%         2d6       100%        3
 Vhi's Electric Charge    Tloc/Air       0%         N/A       100%        3
 Volatile Blastmotes      Fire/Tloc      0%         2d10      100%        3
 Anguish                  Hex/Necr       0%         N/A       100%        4
 Dispel Undead            Necr           0%         3d6       100%        4
 Flame Wave               Conj/Fire      0%         2d4       100%        4
 Fulminant Prism          Conj/Hex       0%         3d5       100%        4
 Ice Form                 Ice/Tmut       0%         N/A       100%        4
 Iskenderun's Mystic Bla  Conj/Tloc      0%         2d3       100%        4
 Olgreb's Toxic Radiance  Pois           0%         N/A       100%        4
 Sticky Flame             Conj/Fire      0%         2d3       100%        4
 Summon Ice Beast         Ice/Summ       0%         N/A       100%        4
 Summon Lightning Spire   Summ/Air       0%         N/A       100%        4
 Agony                    Necr           0%         N/A       100%        5
 Alistair's Intoxication  Tmut/Pois      0%         N/A       100%        5
 Arcjolt                  Conj/Air       0%         1d10      100%        5
 Blade Hands              Tmut           0%         N/A       100%        5
 Freezing Cloud           Conj/Ice/Air   0%         6-21      100%        5
 Irradiate                Conj/Tmut      0%         3d11      100%        5
 Metabolic Englaciation   Hex/Ice        0%         N/A       100%        5
 Summon Forest            Summ/Tloc      0%         N/A       100%        5
 Summon Mana Viper        Hex/Summ       0%         N/A       100%        5
 Conjure Ball Lightning   Conj/Air       0%         3x3d6     100%        6
 Death Channel            Necr           0%         N/A       100%        6
 Plasma Beam              Fire/Air       0%         2x1d11    100%        6
 Simulacrum               Ice/Necr       0%         N/A       100%        6
 Starburst                Conj/Fire      0%         6d3       100%        6
 Statue Form              Tmut/Erth      0%         N/A       100%        6
 Dragon Form              Tmut           0%         N/A       100%        7
 Monstrous Menagerie      Summ           0%         N/A       100%        7
 Ozocubu's Refrigeration  Ice            0%         4d7       100%        7
 Spellforged Servitor     Conj/Summ      0%         N/A       100%        7
 Storm Form               Tmut/Air       0%         N/A       100%        7
 Borgnjor's Revivificati  Necr           0%         N/A       100%        8
 Necromutation            Tmut/Necr      0%         N/A       100%        8
 Chain Lightning          Conj/Air       0%         N/A       100%        9
 Death's Door             Necr           0%         N/A       100%        9
 Fire Storm               Conj/Fire      0%         5d1       100%        9


Dungeon Overview and Level Annotations

Branches:
Dungeon (15/15)            Temple (0/1) D:6            Lair (5/5) D:9
  Swamp (4/4) Lair:3       Spider (4/4) Lair:2        Slime (4/5) Lair:5
    Orc (2/2) D:12            Elf (3/3) Orc:2        Vaults (0/5) D:13
 Depths (0/4) D:15        Desolation (visited)      Gauntlet (visited)

Altars:
Dithmenos
Fedhas
Gozag
Kikubaaqudgha
Nemelex Xobeh
Okawaru
Qazlal
Ru
Vehumet
Xom
Yredelemnul
Jiyva

Shops:
D:4 (   D:5 :   D:9 *   D:15 ([?*!   Orc:1 =   Orc:2 *:[(   Elf:2 =
Elf:3 !((?

Annotations:
Orc:1 2 transporters, Elliot's ghost, journeyman MiBe


Innate Abilities, Weirdness & Mutations

You have a pair of large antennae on your head. (SInv)
A powerful demonic guardian rushes to your aid.
A meltable icy envelope protects you from harm. (AC +8)
You are mostly covered in razor-sharp scales. (AC +2, Slay +2)
A meltable shield of frost defends you. (SH +4)
Your presence sometimes corrodes those you injure.
Your body sometimes deteriorates upon taking damage.
Your flesh is heat resistant. (rF+)
Your magical capacity is low. (-10% MP)


Message History

An enormous slime creature splits.
Two slime creatures merge to form an enormous slime creature.
Two slime creatures merge to form a titanic slime creature.
You block the slime creature's attack.
The titanic slime creature is engulfed in freezing vapours.
The slime creature hits you.
You feel more protected from physical attacks.
You are too injured to fight recklessly!
You are too injured to fight recklessly!
Unknown command.
You are too injured to fight recklessly!
The titanic slime creature seems less drained.
The slime creature seems less drained.
Two slime creatures merge to form a very large slime creature.
Unknown command.
The titanic slime creature attacks as you move away!
The titanic slime creature closely misses you.
Unknown command.
You are too injured to fight recklessly!
You are too injured to fight recklessly!
Unknown command.
You are too injured to fight recklessly!
The titanic slime creature attacks as you move away!
The titanic slime creature hits you!!
The very large slime creature is engulfed in freezing vapours.
The large slime creature is engulfed in freezing vapours.
A large slime creature splits.
The titanic slime creature attacks as you move away!
You block the titanic slime creature's attack.
The slime creature attacks as you move away!
The slime creature hits you.
You feel more protected from physical attacks.
Two slime creatures merge to form a large slime creature.
The titanic slime creature is engulfed in freezing vapours.
You spit the titanic slime creature like a pig!!!
Your corrupting presence corrodes the titanic slime creature!
The titanic slime creature is heavily wounded.
The titanic slime creature is engulfed in blazing flames.
The titanic slime creature hits you!!!!
You die...

### ####.##
#######.#...##
##.#.##.......##
##.....#.....○..#
##......#.○...°.##
##.........○.@....#
#.......<..○.JJ○.##
##...#.....#☼J....#
##.###.......JJ.##
####.#.......°.##
#..........>..#
##...........##
##.#.......#...# #
#..............#


You could see 2 titanic slime creatures, a very large slime creature, a large
slime creature and a slime creature.

Vanquished Creatures
  Bai Suzhen (Swamp:3)
  Saint Roka (Elf:3)
  Arachne (Spider:2)
  Jorgrun (Swamp:1)
  Mlioglotl (Spider:2)
  A tentacled monstrosity (Swamp:3)
  Rupert (D:12)
  2 deep elf master archers (Elf:3)
  3 deep elf blademasters
  4 acid blobs
  The ghost of grizmgrazm2 the Destroyer, an adept GrEE of Gozag (Spider:4)
  Gastronok (Lair:2)
  Kirke (Lair:3)
  Donald (Swamp:3)
  A thorn hunter (Swamp:3)
  Roxanne (D:15)
  2 azure jellies (Slime:1)
  A fenstrider witch (Swamp:2)
  A rockslime (Slime:1)
  4 imperial myrmidons (Desolation)
  5 ghost moths
  7 deep elf sorcerers (Elf:3)
  2 angels (Elf:2)
  6 emperor scorpions
  The ghost of Athtar the Brawler, a journeyman DrTm of Qazlal (D:11)
  3 ghouls (Swamp:3)
  33 slime creatures
  Aizul (Swamp:3)
  5 deep elf elementalists (Elf:3)
  An orc warlord (Orc:1)
  A quicksilver ooze (Slime:4)
  A stone giant (D:15)
  4 broodmothers
  Azrael (D:14)
  4 deep elf demonologists (Elf:3)
  2 eleionomae
  A spark wasp (Spider:4)
  A minotaur (Gauntlet)
  5 dire elephants (Lair:5)
  5 deep elf annihilators
  A halazid warlock (Desolation)
  3 bunyips
  5 deep elf death magi (Elf:3)
  4 fire dragons
  7 ragged hierophants (Desolation)
  A crystal guardian (Desolation)
  2 entropy weavers
  Fannar (D:11)
  A rakshasa (D:9)
  2 ghost crabs
  2 servants of whispers (Desolation)
  3 catoblepae
  19 hydras
  8 peacekeepers (Desolation)
  8 boulder beetles
  3 tengu warriors (D:15)
  2 radroaches (Spider:2)
  13 alligators
  3 centaur warriors
  7 two-headed ogres
  5 death yaks
  3 death scarabs (Spider:4)
  2 death knights
  An orc high priest (Orc:1)
  24 dancing weapons
  3 skysharks
  Sonja (D:11)
  8 deep elf knights
  A spectral death yak (Lair:5)
  3 sun moths
  A skeletal warrior (D:13)
  A fire crab (Gauntlet)
  8 pharaoh ants
  A spectral anaconda (Lair:5)
  8 goliath frogs
  3 spriggan druids
  11 orb spiders
  A death drake (Gauntlet)
  14 swamp dragons
  A spectral wolf spider (Gauntlet)
  A bog body (Swamp:4)
  8 steelbarb worms
  7 orc knights
  8 deep elf archers
  Pikel (D:8)
  A wizard (D:9)
  A lindwurm (Swamp:4)
  22 deep elf pyromancers
  An obsidian statue (Lair:5)
  3 necromancers (Lair:5)
  19 deep elf zephyrmancers
  8 orc sorcerers
  17 wolf spiders
  15 ugly things
  2 ironbound convokers (Desolation)
  A shining eye (Slime:1)
  An oklob plant (Orc:2)
  3 will-o-the-wisps
  5 manticores
  3 cyclopes
  A spectral centaur (Gauntlet)
  A black mamba (shapeshifter) (D:15)
  2 moths of wrath (Spider:4)
  3 black mambas
  18 elephants
  An eye of devastation (Slime:3)
  6 guardian serpents (Desolation)
  2 demonic crawlers
  3 centaur skeletons (D:13)
  Psyche (D:8)
  3 dire elephant zombies (Lair:5)
  7 torpor snails
  7 cane toads
  3 kobold demonologists (D:12)
  8 rime drakes
  An unseen horror (D:11)
  2 tengu conjurers
  An efreet (D:14)
  12 komodo dragons
  11 trolls
  10 meliai
  A troll (shapeshifter) (D:15)
  3 polar bears
  A queen bee (Spider:4)
  A spectral elephant (Lair:5)
  4 tyrant leeches
  Prince Ribbit (D:7)
  17 blink frogs
  22 tarantellas
  14 hornets
  42 saltlings (Desolation)
  A blink frog (shapeshifter) (D:13)
  3 shadows
  30 jumping spiders
  2 vampires (D:10)
  27 culicivoras
  10 spriggans
  3 air elementals
  37 yaks
  3 water elementals (Elf:1)
  4 wyverns
  4 fire bats (Gauntlet)
  A human (D:12)
  5 wraiths
  3 basilisks
  8 fire elementals
  3 hogs (Lair:3)
  3 death yak simulacra (Lair:5)
  6 golden eyes (Slime:4)
  7 steam dragons
  49 redbacks
  9 vampire mosquitoes
  6 wargs
  14 swamp worms
  10 water moccasins
  An acid dragon (D:10)
  Duvessa (D:4)
  4 hell hounds
  25 orc warriors
  A spectral hornet (Gauntlet)
  13 swamp drakes
  2 black bears
  2 elephant zombies (Lair:5)
  3 sky beasts
  12 ogres
  2 elephant skeletons (Lair:5)
  15 wolves
  15 centaurs
  Blork the orc (D:6)
  13 kobold brigands
  A necrophage (Swamp:4)
  10 bullfrogs
  2 cane toad simulacra (Lair:5)
  3 scorpions
  10 wights
  Dowan (D:4)
  8 killer bees
  An elephant simulacrum (Lair:5)
  7 electric eels
  7 howler monkeys
  A lava snake (Swamp:4)
  2 jellies
  13 orc priests
  Crazy Yiuf (D:7)
  A hound (D:5)
  A gnoll bouda (D:6)
  Jessica (D:2)
  4 iguanas
  A sleepcap (D:6)
  15 orc wizards
  A boggart skeleton (D:13)
  5 gnolls (D:6)
  8 adders
  3 white imps (D:6)
  2 ufetubi
  7 worms
  2 dart slugs
  62 orcs
  8 ball pythons
  4 bats
  5 endoplasms
  A giant cockroach (D:1)
  9 goblins
  5 hobgoblins
  2 jackals (D:1)
  10 kobolds
  6 quokkas
  2 training dummies (D:4)
  3 frilled lizards
  4 rats
  A butterfly (Lair:5)
1248 creatures vanquished.

Vanquished Creatures (collateral kills)
  An emperor scorpion (Spider:3)
  Josephine (Lair:2)
  A peacekeeper (Desolation)
  A hydra (Swamp:3)
  A radroach (Spider:4)
  An orc high priest (Orc:2)
  A deep elf knight (Elf:2)
  A spriggan druid (Swamp:4)
  A lindwurm (Swamp:4)
  2 deep elf zephyrmancers (Elf:2)
  A deep elf pyromancer (Elf:2)
  A wolf spider (Spider:2)
  An elephant (Lair:3)
  A wolf spider simulacrum (D:14)
  8 saltlings (Desolation)
  2 hornets
  3 jumping spiders (Spider:2)
  A culicivora (Spider:4)
  2 spriggans
  Eustachio (D:3)
  A fire bat (Gauntlet)
  Menkaure (D:6)
  A swamp worm (Swamp:3)
  An orc warrior (Orc:2)
  A hell hound (Gauntlet)
  A swamp drake (Swamp:4)
  A wolf (Lair:2)
  An ogre (D:4)
  An orc wizard (D:12)
  2 orcs
43 creatures vanquished.

Vanquished Creatures (others)
  2 deep elf zephyrmancers
  A lindwurm (Swamp:4)
  A deep elf pyromancer (Elf:1)
  A spriggan (Swamp:4)
  A swamp worm (Swamp:4)
  An orc (Orc:1)
  A kobold (D:8)
  40 foxfires
48 creatures vanquished.

Grand Total: 1339 creatures vanquished

Notes
Turn   | Place    | Note
-------+----------+-------------------------------------------
     0 | D:1      | McKennaii the Demonspawn Fighter began the quest for the
                  | Orb.
     0 | D:1      | Reached XP level 1. HP: 18/18 MP: 1/1
   224 | D:1      | Gained mutation: You are partially covered in razor-sharp
                  | scales. (AC +1, Slay +1) [demonic ancestry]
   224 | D:1      | Reached XP level 2. HP: 24/24 MP: 2/2
   828 | D:2      | Noticed Jessica
   835 | D:2      | Killed Jessica
   836 | D:2      | Reached XP level 3. HP: 26/29 MP: 3/3
  1133 | D:2      | Gained mutation: A weak demonic guardian rushes to your
                  | aid. [demonic ancestry]
  1133 | D:2      | Reached XP level 4. HP: 35/35 MP: 4/4
  1805 | D:3      | Found a basalt altar of Yredelemnul.
  1806 | D:3      | Found an iron altar of Okawaru.
  1806 | D:3      | Found a shadowy altar of Dithmenos.
  1806 | D:3      | Found a stormy altar of Qazlal.
  1921 | D:3      | Became a worshipper of Qazlal Stormbringer
  2122 | D:4      | Noticed Duvessa
  2122 | D:4      | Noticed Dowan
  2122 | D:4      | Noticed an ogre
  2122 | D:4      | Noticed a black bear
  2136 | D:3      | Killed a black bear
  2137 | D:3      | Reached skill level 4 in Fighting
  2137 | D:3      | Gained mutation: A meltable shield of frost defends you.
                  | (SH +4) [demonic ancestry]
  2137 | D:3      | Reached XP level 5. HP: 12/42 MP: 5/5
  2254 | D:4      | Noticed Eustachio
  2429 | D:3      | Gained mutation: You have hidden genetic defects. [potion
                  | of mutation]
  2429 | D:3      | Killed Eustachio
  2430 | D:3      | Gained mutation: You have a pair of small antennae on your
                  | head. [demonic ancestry]
  2430 | D:3      | Reached XP level 6. HP: 7/49 MP: 6/6
  2447 | D:3      | Gained mutation: You occasionally lose the ability to read
                  | scrolls when taking damage. [hidden defects]
  2672 | D:4      | Killed Duvessa
  2676 | D:4      | Killed Dowan
  2677 | D:4      | Gained mutation: A meltable icy envelope protects you from
                  | harm. (AC +8) [demonic ancestry]
  2677 | D:4      | Reached XP level 7. HP: 35/55 MP: 7/7
  2682 | D:4      | Lost mutation: You have hidden genetic defects. [potion of
                  | mutation]
  2682 | D:4      | Lost mutation: You occasionally lose the ability to read
                  | scrolls when taking damage. [potion of mutation]
  2682 | D:4      | Gained mutation: Armour fits poorly on your strangely
                  | shaped body. [potion of mutation]
  2683 | D:4      | Lost mutation: Armour fits poorly on your strangely shaped
                  | body. [potion of mutation]
  2683 | D:4      | Gained mutation: You are robust. (+10% HP) [potion of
                  | mutation]
  2683 | D:4      | Gained mutation: You occasionally lose the ability to read
                  | scrolls when taking damage. [potion of mutation]
  2684 | D:4      | Lost mutation: You are robust. (+10% HP) [potion of
                  | mutation]
  2684 | D:4      | Lost mutation: You occasionally lose the ability to read
                  | scrolls when taking damage. [potion of mutation]
  2684 | D:4      | Gained mutation: Your flesh is heat resistant. (rF+)
                  | [potion of mutation]
  3054 | D:4      | Found Uselamui's Antique Weapon Shoppe.
  3229 | D:5      | Entered Level 5 of the Dungeon
  3242 | D:5      | Reached skill level 5 in Fighting
  3254 | D:5      | Found Tato Rago's Book Shoppe.
  3764 | D:5      | Found a blossoming altar of Fedhas.
  4128 | D:6      | Reached skill level 5 in Armour
  4128 | D:6      | Reached skill level 5 in Shields
  4128 | D:6      | Reached XP level 8. HP: 52/63 MP: 8/8
  4382 | D:6      | Reached * piety under Qazlal
  4523 | D:6      | Reached skill level 6 in Fighting
  4523 | D:6      | Reached skill level 5 in Polearms
  4587 | D:4      | Bought a smoking trident for 204 gold pieces
  4587 | D:4      | Identified the +7 trident "Bung" {drain, rC++ Dex+2} (You
                  | bought it in a shop on level 4 of the Dungeon)
  4654 | D:6      | You fall into a shaft and drop 2 floors!
  5117 | D:7      | Found a runed translucent door.
  5118 | D:7      | Noticed Crazy Yiuf
  5157 | D:7      | Reached XP level 9. HP: 71/71 MP: 9/9
  5406 | D:6      | Found an ancient bone altar of Kikubaaqudgha.
  5413 | D:6      | Noticed Menkaure
  5425 | D:6      | Killed Menkaure
  5426 | D:6      | Reached skill level 7 in Fighting
  5677 | D:6      | Found a staircase to the Ecumenical Temple.
  5730 | D:6      | Reached ** piety under Qazlal
  5771 | D:6      | Noticed Blork the orc
  5778 | D:6      | Killed Blork the orc
  6449 | D:7      | Noticed Prince Ribbit
  6462 | D:7      | Killed Prince Ribbit
  6515 | D:7      | Killed Crazy Yiuf
  6695 | D:8      | Noticed Pikel
  6770 | D:8      | Killed Pikel
  6771 | D:8      | Reached skill level 8 in Fighting
  6771 | D:8      | Reached XP level 10. HP: 72/80 MP: 10/10
  6867 | D:8      | Noticed Psyche
  6876 | D:8      | Killed Psyche
  7572 | D:9      | Found a radiant altar of Vehumet.
  7660 | D:9      | Found Wiynylus's Lightly-Used Armoury.
  7788 | D:9      | Found a staircase to the Lair.
  7803 | D:9      | Noticed a boulder beetle
  7832 | D:9      | Noticed a boulder beetle
  7881 | D:8      | Killed a boulder beetle
  8085 | D:9      | Killed a boulder beetle
  8086 | D:9      | Reached skill level 9 in Fighting
  8097 | D:9      | Noticed a death knight
  8333 | D:9      | Killed a death knight
  8334 | D:9      | Gained mutation: You have a pair of antennae on your head.
                  | [demonic ancestry]
  8334 | D:9      | Reached XP level 11. HP: 22/89 MP: 11/11
  8548 | D:9      | Identified the +3 broad axe "Doboag" {heavy, Fly Int+4}
  8550 | D:9      | Noticed a rakshasa
  8702 | D:9      | Noticed a fire dragon
  8942 | D:9      | Killed a fire dragon
  9032 | D:9      | Noticed a wizard
  9038 | D:9      | Killed a wizard
  9101 | D:9      | Noticed a two-headed ogre
  9110 | D:9      | Killed a two-headed ogre
  9199 | D:9      | Noticed a boulder beetle
  9212 | D:9      | Killed a boulder beetle
  9251 | D:9      | Got the Precepts of Distance
  9261 | D:9      | Identified the staff of fire "Soxzyuga" {+Blink rF+ Stlth+}
  9358 | D:10     | Entered Level 10 of the Dungeon
  9358 | D:10     | Noticed a two-headed ogre
  9366 | D:10     | Killed a two-headed ogre
  9653 | D:10     | Reached *** piety under Qazlal
  9668 | D:10     | Found a sacrificial altar of Ru.
 10040 | D:10     | Reached skill level 10 in Fighting
 10117 | D:10     | Found a shimmering altar of Xom.
 10171 | D:10     | Found an opulent altar of Gozag.
 10380 | D:11     | Noticed a boulder beetle
 10388 | D:11     | Noticed a two-headed ogre
 10389 | D:11     | Noticed a two-headed ogre
 10424 | D:11     | HP: 4/90 [two-headed ogre/+0 giant club (5)]
 10684 | D:10     | Killed a two-headed ogre
 10691 | D:11     | Killed a two-headed ogre
 10707 | D:11     | Killed a boulder beetle
 10911 | D:11     | Noticed Fannar
 10929 | D:11     | Killed Fannar
 10930 | D:11     | Gained mutation: You have a pair of large antennae on your
                  | head. (SInv) [demonic ancestry]
 10930 | D:11     | Reached XP level 12. HP: 96/98 MP: 12/12
 10956 | D:11     | Noticed Sonja
 10963 | D:11     | Noticed a two-headed ogre
 10968 | D:11     | Killed Sonja
 11006 | D:11     | Killed a two-headed ogre
 11178 | D:11     | Found a portal to a secret trove of treasure.
 11349 | D:11     | Found a sparkling altar of Nemelex Xobeh.
 11631 | D:12     | Noticed a two-headed ogre
 11632 | D:12     | Noticed Rupert
 11748 | D:12     | Noticed a two-headed ogre
 11839 | D:12     | Reached skill level 10 in Armour
 11839 | D:12     | Reached skill level 10 in Shields
 11900 | D:12     | Killed a two-headed ogre
 11901 | D:12     | Reached skill level 11 in Fighting
 12256 | D:11     | Reached skill level 10 in Polearms
 12440 | D:12     | Killed a two-headed ogre
 12559 | D:12     | Reached **** piety under Qazlal
 12615 | D:12     | HP: 2/100 [manticore (4)]
 12931 | D:12     | Killed Rupert
 13236 | D:12     | Found a staircase to the Orcish Mines.
 13241 | D:12     | Identified the +4 rapier of Xeref {spect, Int+3}
 13367 | D:12     | Found a runed translucent gate.
 13367 | D:12     | Found a runed translucent gate.
 13367 | D:12     | Found a runed translucent gate.
 13368 | D:12     | Noticed Athtar's ghost (journeyman DrTm)
 13751 | D:9      | Killed a rakshasa
 13761 | Lair:1   | Entered Level 1 of the Lair of Beasts
 13820 | Lair:1   | Gained mutation: A demonic guardian rushes to your aid.
                  | [demonic ancestry]
 13820 | Lair:1   | Reached XP level 13. HP: 107/107 MP: 13/13
 13869 | Lair:1   | Found a gate leading to a gauntlet.
 13878 | Gauntlet | Entered a Gauntlet
 13878 | Gauntlet | Found a transporter.
 13908 | Gauntlet | Found a transporter.
 13911 | Gauntlet | Found a transporter.
 13911 | Gauntlet | Found a transporter.
 13914 | Gauntlet | Found a transporter.
 13915 | Gauntlet | Found a transporter.
 13919 | Gauntlet | Found a runed translucent door.
 13921 | Gauntlet | Found a runed translucent door.
 13921 | Gauntlet | Noticed a green death
 13923 | Gauntlet | Found a transporter.
 13931 | Gauntlet | Found a transporter.
 13990 | Gauntlet | Found a transporter.
 14006 | Gauntlet | Found a transporter.
 14010 | Gauntlet | Found a transporter.
 14030 | Gauntlet | Found a transporter.
 14296 | Gauntlet | Identified the ring "Nilim" {Fire *Corrode rPois MP+9
                  | Str+2}
 14398 | Gauntlet | Reached skill level 12 in Fighting
 14579 | Gauntlet | Identified the +1 arbalest of the Scorned {heavy, Int+4}
 14579 | Gauntlet | Identified the +6 quarterstaff of the Ageless Tusks {flame,
                  | Str-2 Int+4 Dex+3 SInv}
 14579 | Gauntlet | Noticed a minotaur
 14589 | Gauntlet | Killed a minotaur
 15618 | Lair:2   | Noticed Gastronok
 15910 | Lair:2   | Killed Gastronok
 16005 | Lair:2   | Reached ***** piety under Qazlal
 16051 | Lair:2   | Found a hole to the Spider Nest.
 16238 | Lair:2   | Identified the +0 chain mail of Going Fast {Dex+6}
 16728 | Lair:3   | Noticed Kirke
 16747 | Lair:3   | Noticed a sphinx
 16781 | Lair:3   | Noticed Josephine
 16800 | Lair:2   | Killed Josephine
 16861 | Lair:2   | Reached XP level 14. HP: 79/114 MP: 14/14
 17068 | Lair:3   | Reached skill level 13 in Fighting
 17706 | Lair:3   | Killed Kirke
 17911 | Lair:3   | Found a staircase to the Swamp.
 18785 | Lair:4   | Found the +4 skin of Zhor {*Englaciate rC+++ SInv}
 19321 | Lair:5   | Entered Level 5 of the Lair of Beasts
 19568 | Lair:5   | Reached skill level 14 in Fighting
 19895 | Lair:5   | Identified the ring "Feteut" {Fire rPois}
 20132 | Lair:5   | Found a viscous altar of Jiyva.
 20132 | Lair:5   | Found a staircase to the Slime Pits.
 20540 | Lair:5   | Reached ****** piety under Qazlal
 20833 | Lair:5   | Gained mutation: A meltable icy envelope protects you from
                  | harm. (AC +8) [demonic ancestry]
 20833 | Lair:5   | Reached XP level 15. HP: 111/127 MP: 12/15
 21548 | Orc:1    | Entered Level 1 of the Orcish Mines
 21730 | D:11     | Killed Athtar's ghost
 22370 | Orc:1    | Noticed Elliot's ghost (journeyman MiBe)
 22387 | Orc:1    | Found a transporter.
 22452 | Orc:1    | Found Wilaufo's Jewellery Shoppe.
 22585 | Orc:1    | Found a transporter.
 22672 | Orc:2    | Entered Level 2 of the Orcish Mines
 23430 | Orc:1    | Reached skill level 15 in Fighting
 23548 | Orc:2    | Found Susiyteg's Antique Armour Boutique.
 23779 | Orc:2    | Found Xesoinao's Antique Weapon Emporium.
 23830 | Orc:2    | Found a staircase to the Elven Halls.
 23843 | Orc:2    | Found Sathrig's Book Shoppe.
 24043 | Orc:2    | Found Qoel's General Store.
 24560 | D:13     | Got the Compendium of Clouds
 24788 | D:13     | Reached skill level 1 in Invocations
 25196 | D:13     | Found a gate to the Vaults.
 25732 | D:14     | Noticed Azrael
 25752 | D:14     | Killed Azrael
 26240 | D:14     | Gained mutation: Your presence sometimes corrodes those you
                  | injure. [demonic ancestry]
 26240 | D:14     | Reached XP level 16. HP: 114/136 MP: 15/19
 26600 | D:15     | Entered Level 15 of the Dungeon
 26741 | D:15     | Found Wemiulegg's Distillery.
 26749 | D:15     | Bought a potion of haste for 120 gold pieces
 26749 | D:15     | Bought a potion of heal wounds for 60 gold pieces
 26749 | D:15     | Bought a potion of resistance for 120 gold pieces
 26749 | D:15     | Bought a potion of heal wounds for 60 gold pieces
 26749 | D:15     | Bought a potion of curing for 36 gold pieces
 26749 | D:15     | Bought 2 potions of resistance for 240 gold pieces
 26749 | D:15     | Bought a potion of ambrosia for 96 gold pieces
 26774 | D:15     | Found Panwaihi's General Store.
 26823 | D:15     | Reached skill level 5 in Invocations
 26849 | D:15     | Bought a scroll of blinking for 112 gold pieces
 26849 | D:15     | Bought the +1 pair of boots "Wuaf" {Harm Will+} for 331
                  | gold pieces
 26862 | D:15     | Found Ikkuof's Magic Scroll Shop.
 26870 | D:15     | Bought a scroll of fear for 52 gold pieces
 26870 | D:15     | Bought a scroll of teleportation for 39 gold pieces
 26870 | D:15     | Bought a scroll of enchant armour for 97 gold pieces
 26870 | D:15     | Bought a scroll of enchant armour for 97 gold pieces
 26871 | D:15     | Identified Roxanne's Guide on Forms
 26871 | D:15     | Noticed Roxanne
 27079 | D:15     | Found Kotoboof's Antique Armour Boutique.
 27250 | D:15     | Found a shadowy altar of Dithmenos.
 27297 | D:15     | Found Leopp's Weapon Boutique.
 27329 | D:15     | Found a staircase to the Depths.
 27397 | D:15     | Identified the staff of conjuration "Adeah" {Drain rPois
                  | rN++}
 27633 | D:15     | Killed Roxanne
 27969 | Spider:1 | Entered Level 1 of the Spider Nest
 28332 | Lair:2   | Reached skill level 16 in Fighting
 29051 | Spider:2 | Noticed Arachne
 29226 | Spider:2 | Reached skill level 15 in Armour
 29640 | Spider:2 | Reached skill level 15 in Polearms
 29783 | Spider:2 | Killed Arachne
 30859 | Spider:3 | Noticed Mlioglotl
 31196 | Spider:2 | Killed Mlioglotl
 31262 | Spider:3 | Gained mutation: You are mostly covered in razor-sharp
                  | scales. (AC +2, Slay +2) [demonic ancestry]
 31262 | Spider:3 | Reached XP level 17. HP: 119/146 MP: 23/23
 32538 | Spider:4 | Entered Level 4 of the Spider Nest
 33564 | Spider:4 | Reached skill level 10 in Invocations
 33717 | Spider:4 | Reached skill level 17 in Fighting
 34554 | Spider:4 | Got a gossamer rune of Zot
 34777 | Spider:4 | Found a transporter.
 34780 | Spider:4 | Noticed grizmgrazm2's ghost (adept GrEE)
 34785 | Spider:4 | Found a transporter.
 34977 | Spider:4 | Killed grizmgrazm2's ghost
 36251 | Swamp:1  | Entered Level 1 of the Swamp
 36254 | Swamp:1  | You fall into a shaft and drop 1 floor!
 36767 | Swamp:1  | Noticed Jorgrun
 36775 | Swamp:1  | Killed Jorgrun
 37075 | Swamp:2  | Found an opulent altar of Gozag.
 37951 | Swamp:2  | Gained mutation: A powerful demonic guardian rushes to your
                  | aid. [demonic ancestry]
 37951 | Swamp:2  | Reached XP level 18. HP: 105/155 MP: 15/27
 38176 | Swamp:3  | Noticed Aizul
 38194 | Swamp:3  | Killed Aizul
 38715 | Swamp:4  | Entered Level 4 of the Swamp
 38715 | Swamp:4  | Noticed Bai Suzhen
 38715 | Swamp:4  | Noticed a tentacled monstrosity
 39402 | Swamp:4  | Noticed Donald
 39419 | Swamp:3  | Killed Donald
 39525 | Swamp:3  | Killed a tentacled monstrosity
 39552 | Swamp:4  | Reached skill level 18 in Fighting
 39858 | Swamp:3  | Killed Bai Suzhen
 40584 | Swamp:4  | Got a decaying rune of Zot
 41209 | D:11     | You paid a toll of +4 fire dragon scales to enter a
                  | treasure trove
 41210 | Trove    | Entered a treasure trove
 41213 | Trove    | Found the +10 tower shield of Ignorance {rN+ Int-4}
 41215 | Trove    | Found the +3 pair of gauntlets of War {Slay+5}
 41222 | Trove    | Identified the +4 pair of gloves of the Quahog {Str+2 Int+4
                  | Dex-4}
 41224 | Trove    | Identified the +0 pair of boots of Gozag's Fury {Will++
                  | Slay+4}
 41228 | Trove    | Identified the +5 tower shield of Asceticism {Str+3 Int+6}
 41236 | Trove    | Identified the +9 plate armour of Uskayaw's Benevolence
                  | {Rampage rPois rF-}
 41283 | Trove    | Identified the +0 buckler of Tenacity {rElec rPois Dex+5}
 41507 | Elf:1    | Entered Level 1 of the Elven Halls
 41583 | Elf:1    | Found an ancient bone altar of Kikubaaqudgha.
 41593 | Elf:1    | Paralysed by an air elemental for 1 turns
 41921 | Elf:1    | Got the Vellum of Outbursts
 42564 | Elf:2    | Found a crumbling gateway.
 42607 | Desolati | Entered the Desolation of Salt
 42627 | Desolati | Reached XP level 19. HP: 104/164 MP: 13/29
 42645 | Desolati | HP: 6/164 [peacekeeper (9)]
 43034 | Desolati | Identified the +8 lajatang of Accidental Termination
                  | {drain, Drain rN+++ Dex+4 Stlth+}
 43035 | Desolati | Identified the -2 pair of gloves of the Bulwark {-Tele
                  | rCorr Int+3 Slay+6}
 43788 | Desolati | Reached skill level 15 in Invocations
 44012 | Desolati | Identified the ring of Adupsy {Ice rElec MP-9 Int+9 Stlth-}
 44118 | Desolati | Got the Directory of Translocated Concussion
 44162 | Desolati | Got the Anthology of the Illusory Defenders
 44168 | Desolati | Identified the +0 robe of Cynicism {Will+ Slay+3}
 44170 | Desolati | Got the Book of the Conjured Undead
 44587 | Elf:2    | Found Xeczide Tuol's Jewellery Emporium.
 44761 | Elf:2    | Found a transporter.
 44766 | Elf:2    | Found a transporter.
 44804 | Elf:2    | Found a transporter.
 44828 | Elf:2    | Found a transporter.
 44828 | Elf:2    | Found a transporter.
 44831 | Elf:2    | Paralysed by an air elemental for 1 turns
 44834 | Elf:2    | Paralysed by an air elemental for 1 turns
 44840 | Elf:2    | Found a transporter.
 44907 | Elf:2    | Found a runed translucent gate.
 44908 | Elf:2    | Found a runed translucent gate.
 44908 | Elf:2    | Found a runed translucent gate.
 45184 | Elf:2    | Reached skill level 19 in Fighting
 45856 | Elf:3    | Entered Level 3 of the Elven Halls
 45880 | Elf:3    | Noticed Saint Roka
 45887 | Elf:3    | Identified the +7 chain mail "Wuwutext" {Str+5 Stlth-}
 45899 | Elf:3    | Killed Saint Roka
 46690 | Elf:3    | Identified the staff of fire "Kumaqugag" {rElec rF+ Str+5}
 46727 | Elf:3    | Identified the amulet "Obalese" {Reflect Drain rC- rN+
                  | Dex+5 SH+5}
 46735 | Elf:3    | Identified the +1 trident "Earthworm" {venom, *Corrode
                  | Will++ Int+4}
 46745 | Elf:3    | Identified the ring "Jeberogg" {MP+9 Int+3}
 46747 | Elf:3    | Identified the +5 morningstar of Iroecuef {flame, *Rage rC+
                  | Int+3}
 46753 | Elf:3    | Reached XP level 20. HP: 146/169 MP: 32/32
 46929 | Elf:3    | Got Uruxeam's Final Notes on Wizardry
 46981 | Elf:3    | Identified the +6 glaive of Obsession {protect, Will+
                  | Int+3}
 46983 | Elf:3    | Identified the +7 morningstar of Wyrd {protect, *Noise
                  | rElec rPois Int+4}
 47001 | Elf:3    | Identified the +0 dagger of Maozicur {heavy, Str+5}
 47020 | Elf:3    | Identified the +0 robe of the Slightly Bent {rN++}
 47024 | Elf:3    | Identified the +0 mace "Tyst" {drain, Will+}
 47026 | Elf:3    | Identified the staff of earth "Hucsy" {Dex+2}
 47190 | Elf:3    | Paralysed by an air elemental for 1 turns
 47265 | Elf:3    | Found Muoly's Magic Scroll Boutique.
 47269 | Elf:3    | Bought a scroll of acquirement for 572 gold pieces
 47269 | Elf:3    | Bought a scroll of enchant armour for 82 gold pieces
 47269 | Elf:3    | Bought a scroll of magic mapping for 82 gold pieces
 47280 | Elf:3    | Found Omuykici's Weapon Emporium.
 47585 | Elf:3    | Found Acwoucad's Distillery.
 47594 | Elf:3    | Bought a potion of ambrosia for 128 gold pieces
 47594 | Elf:3    | Bought 2 potions of magic for 256 gold pieces
 47594 | Elf:3    | Bought a potion of mutation for 128 gold pieces
 47594 | Elf:3    | Bought a potion of mutation for 128 gold pieces
 47713 | Elf:3    | Found Peloal's Antique Weapon Boutique.
 48205 | Slime:1  | Entered Level 1 of the Pits of Slime
 48316 | Slime:1  | Gained mutation: Your body sometimes deteriorates upon
                  | taking damage. [a shining eye]
 48320 | Slime:1  | Gained mutation: Your magical capacity is low. (-10% MP) [a
                  | shining eye]
 48988 | Slime:3  | Mangled by a titanic slime creature

Illustrated notes

Levels and vault maps discovered:
D:1:      dpeg_arrival_more_subterranean_lakeside_camping, layout_basic
D:2:      layout_loops_ring, uniq_jessica
D:3:      layout_rooms, grunt_temple_overflow_open
D:4:      dreamdust_elfheim, layout_rooms, serial_shops, shop, uniq_duvessa,
          uniq_eustachio
D:5:      layout_rooms, fedhas_altar_3, serial_shops, shop
D:6:      minmay_bubble_buster, layout_cave_pools, old_standard_altar,
          minmay_temple_entry_poolview, uniq_blork_the_orc, uniq_menkaure
D:7:      layout_loops_ring, uniq_crazy_yiuf_cottage, uniq_prince_ribbit1
D:8:      kennysheep_spiral_hall, layout_loops_ring, uniq_psyche, uniq_pikel
D:9:      minmay_the_grid_octo_triangle [minmay_the_grid_octo_teeth,
          minmay_the_grid_octo_prize_square_snowflake,
          minmay_the_grid_octo_clover_2], layout_basic,
          mainiacjoe_overflow_brackets, minmay_shop_damaged,
          supply_closet_lemuel
D:10:     layout_cross, nicolae_overflow_squiral, lemuel_round_altar,
          serial_column_ruins, column_ruins_corridor_straight,
          column_ruins_open_small, column_ruins_open_tiny, column_ruins_grid_1,
          minmay_fractal_squares_gapless_5
D:11:     layout_basic, nicolae_trove_entry_crystal,
          nemelex_lonely_heart_becter, uniq_fannar, uniq_sonja
D:12:     layout_rooms, erik_orc_4, gammafunk_ghost_nasty_kobolds, uniq_rupert
D:13:     layout_rooms, hangedman_vaults_entry_quadrant_bands
D:14:     layout_irregular_city, uniq_azrael
D:15:     grunt_enter_depths_snipers, layout_grid_maze, grunt_dithmenos_shadows,
          serial_shops, shop, shop, nicolae_shop_window_shopping, shop,
          nicolae_shop_pleasant_corner_grove, minivault_10, uniq_roxanne
Lair:1:   layout_loops_ring, gauntlet_entry_generic,
          nicolae_quartered_pool_super, grunt_megastairs_3
Lair:2:   layout_hall_layers, spider_nest_entry_funnel_web, uniq_gastronok
Lair:3:   layout_chaotic_city, palyth_hydra_swamp_entry, uniq_kirke,
          uniq_josephine
Lair:4:   wander_river, layout_cave_pods, hellmonk_guarded_unrand_zhor
Lair:5:   due_jungle_book, layout_small_grid, slime_entry_1, lemuel_fruit_tree,
          lemuel_fruit_fields, grunt_megastairs_2
Swamp:1:  layout_falls_marsh, nicolae_swamp_dense_foliage, swamp_pool1,
          uniq_jorgrun
Swamp:2:  layout_basic_swamp, lemuel_altar_in_water2, swamp_pool5,
          infiniplex_staircase_pool
Swamp:3:  layout_basic_swamp, evilmike_swamp_ruin_house_2, uniq_aizul
Swamp:4:  swamp_fiery, layout_basic_swamp, uniq_donald, uniq_bai_suzhen
Spider:1: layout_spider_delve
Spider:2: layout_chambers, uniq_arachne
Spider:3: layout_chambers, uniq_mlioglotl
Spider:4: spider_rune_water, gammafunk_ghost_arena, hive_lemuel
Slime:1:  layout_caves, nicolae_slime_phagocytosis
Slime:2:  layout_caves
Slime:3:  layout_caves
Slime:4:  cheibrodos_slime_lost_civilization_2, layout_caves,
          nicolae_slime_getting_an_eyeful
Orc:1:    layout_diamond_mine, gammafunk_ghost_stat_death, serial_shops,
          nicolae_shop_hallway_plus, guppyfry_library_mini
Orc:2:    grunt_orc_gardens, layout_diamond_mine, grunt_orc_garden,
          grunt_orc_garden, grunt_orc_garden, grunt_orc_garden, mines3_lemuel
Elf:1:    eino_elf_arrival_shootout, layout_gridlike, basic_altar,
          minmay_elf_annihilation
Elf:2:    nicolae_elf_blades_crystal_corner, layout_gridlike, serial_shops,
          nicolae_shop_gaudy_bauble, portal_desolation_entry_holy_temple,
          serial_nicolae_subway, nicolae_sub_station_stone,
          nicolae_sub_station_crystal, nicolae_sub_station_metal
Elf:3:    grunt_elf_hall_asides, layout_loops_corners, serial_shops, shop, shop,
          nicolae_shop_back_alley_shop, nicolae_shop_crystal, uniq_saint_roka

Skill      XL: |  1  2  3  4  5  6  7  8  9 10 11 12 13 14 15 16 17 18 19 20 |
---------------+-------------------------------------------------------------+-----
Polearms       | 2 3 4 5 7 8 9 10 11 13 14 15 16 | 16.7
Shields        | 3 4 5 6 7 8 9 10 11 12 13 | 13.6
Armour         | 3 4 5 6 7 8 9 10 11 13 14 15 16 17 18 | 18.2
Fighting       | 4 5 6 8 9 10 11 12 14 15 16 17 18 19 | 19.6
Invocations    | 4 9 12 14 16 | 16.8

Action                     |  1- 3 |  4- 6 |  7- 9 | 10-12 | 13-15 | 16-18 | 19-21 || total
---------------------------+-------+-------+-------+-------+-------+-------+-------++-------
  Melee: Trident           |    99 |   143 |   343 |   591 |  1550 |  1792 |   751 ||  5269
         Unarmed           |       |    10 |       |       |    19 |       |       ||    29
  Evoke: Wand              |       |       |       |    16 |     4 |     4 |       ||    24
    Use: Potion            |       |     1 |     3 |     8 |     6 |     2 |     7 ||    27
         Scroll            |       |       |     4 |    18 |     1 |    16 |     7 ||    46
   Stab: Confused          |       |     2 |       |       |       |       |       ||     2
         Petrified         |       |       |       |       |    17 |       |       ||    17
         Petrifying        |       |       |       |       |     1 |       |       ||     1
         Invisible         |       |       |       |       |     1 |     3 |       ||     4
         Distracted        |       |       |       |       |     1 |     3 |       ||     4
 Armour: Scale mail        |    46 |    70 |   110 |     6 |       |       |       ||   232
         Skin              |       |     3 |       |       |     2 |       |       ||     5
         Chain mail        |       |       |       |   134 |   411 |       |       ||   545
         Plate armour      |       |       |       |       |   141 |   998 |   255 ||  1394
         Storm dragon scal |       |       |       |       |       |    23 |       ||    23
  Dodge: Dodged            |    20 |    81 |   113 |   125 |   293 |   320 |    64 ||  1016
         Repelled          |       |       |       |     1 |     6 |     8 |     5 ||    20
  Block: Buckler           |    18 |    79 |   165 |   355 |  1137 |  1151 |       ||  2905
         Other             |       |     1 |       |       |     8 |       |       ||     9
         Kite shield       |       |       |       |       |       |   228 |       ||   228
         Tower shield      |       |       |       |       |       |   130 |   851 ||   981
